 Dungeon Sprint DCSS version 0.32-a0-909-gc671339a80 (webtiles) character file.

Game seed: 8088560492368284282

9800000 Griffin23 the Intangible (level 27, -50/228 HPs)
             Began as a Djinni Warper on Apr 6, 2024.
             Was the Champion of Makhleb.
             Annihilated by a meat berserker
             ... wielding a +9 battleaxe
              (79 damage)
             ... in the Dungeon (Sprint VIII: "Arena of Blood").
             The game lasted 00:07:26 (98 turns).

Griffin23 the Intangible (Djinni Warper)              Turns: 98, Time: 00:07:26

Health: -50/228    AC:  6    Str: 14    XL:     27
Gold:   0          EV: 33    Int: 16    God:    Makhleb [******] SH:  0 Dex: 22

rFire   + + .        i - +∞ Axe of Woe
rCold   x . .        (shield currently unavailable)
rNeg    . . .        b - +0 leather armour
rPois   ∞            (no helmet)
rElec   .            (no cloak)
rCorr   .            (no gloves)
SInv    .            (boots unavailable)
Will    ++...        (no amulet)
Stlth   ++++++++++   (no ring)
HPRegen 0.58/turn    (no ring)

%: no teleportation, infuse magic (-51 HP)
@: flying
A: sickness immunity, fire resistance 2, cold vulnerability 1, float, innate
caster, HP casting, extra vitality 1
a: Renounce Religion, Minor Destruction, Lesser Servant of Makhleb, Major
Destruction, Greater Servant of Makhleb


You were in the Dungeon.
You worshipped Makhleb.
Makhleb was exalted by your worship.
You visited 1 branch

Inventory:

Hand Weapons
 a - a +0 hand axe
 i - the +∞ Axe of Woe (weapon)
   (You found it in the Dungeon)
Missiles
 d - 7 darts of dispersal (quivered)
Armour
 b - a +0 leather armour (worn)
Jewellery
 j - a ring of see invisible
Scrolls
 c - a scroll of blinking
Potions
 e - a potion of curing
 f - a potion of heal wounds
 g - a potion of haste
 h - a potion of berserk rage


   Skills:
 O Level 27 Fighting
 O Level 27 Short Blades
 O Level 27 Long Blades
 O Level 27 Axes
 O Level 27 Maces & Flails
 O Level 27 Polearms
 O Level 27 Staves
 O Level 27 Ranged Weapons
 O Level 27 Throwing
 O Level 27 Armour
 O Level 27 Dodging
 O Level 27 Stealth
 O Level 27 Shields
 O Level 27 Unarmed Combat
 O Level 27 Spellcasting
 O Level 27 Conjurations
 O Level 27 Hexes
 O Level 27 Summonings
 O Level 27 Necromancy
 O Level 27 Translocations
 O Level 27 Fire Magic
 O Level 27 Ice Magic
 O Level 27 Air Magic
 O Level 27 Earth Magic
 O Level 27 Alchemy
 O Level 27 Invocations
 O Level 27 Evocations
 O Level 27 Shapeshifting


You knew the following spells:

 Your Spells              Type           Power      Damage    Failure   Level
a - Blink                 Tloc           100%       N/A       0%          2
b - Lesser Beckoning      Tloc           100%       N/A       0%          2
c - Teleport Other        Tloc           82%        N/A       0%          3
d - Maxwell's Portable P  Tloc           82%        2d(13-38) 0%          3
e - Vhi's Electric Charg  Tloc/Air       100%       N/A       0%          4
f - Slow                  Hex            100%       N/A       0%          1
g - Call Imp              Summ           100%       N/A       0%          2
h - Ozocubu's Armour      Ice            82%        N/A       0%          3
i - Flame Wave            Conj/Fire      82%        2d18      0%          4
j - Cause Fear            Hex            41%        N/A       0%          4
k - Curse of Agony        Necr           82%        N/A       0%          5
l - Death Channel         Necr           41%        N/A       0%          6
m - Haunt                 Necr/Summ      41%        N/A       1%          7
n - Summon Cactus Giant   Summ           41%        N/A       0%          6
o - Enfeeble              Hex            41%        N/A       1%          7
p - Manifold Assault      Tloc           41%        N/A       1%          7
q - Maxwell's Capacitive  Air            41%        ∞         1%          8
r - Dragon's Call         Summ           41%        N/A       2%          9
Your spell library was empty.

Dungeon Overview and Level Annotations

Branches:
Dungeon (1/1)

Altars:
Makhleb


Innate Abilities, Weirdness & Mutations

You are immune to sickness and miasma.
You are immune to poison.
Your flesh is very heat resistant. (rF++)
You are vulnerable to cold. (rC-)
You float through the air rather than walking.
You learn spells naturally, not from books.
Your magical power is your life essence.
You have superior vitality. (+4 MHP)


Message History

Unknown command.
You slice the large bag of meat!!
Flame seeps out of the large bag of meat.
You hew the large bag of meat violently.
Makhleb accepts your kill.
The large bag of meat explodes!
The fiery explosion engulfs you! You resist.
The accursed appears out of thin air!
An accursed comes into view.
The destroyer gestures at you while chanting.
The destroyer blinks!
The eight-headed meat hydra calls on the powers of darkness!
The eight-headed meat hydra convulses!
Your body is wracked with pain!
* * * LOW HITPOINT WARNING * * *
Unknown command.
You slash the accursed!
You fatally mangle the accursed.
You destroy the accursed!
Makhleb accepts your kill.
You slash the bag of meat!
You hew the bag of meat violently.
You kill the bag of meat!
Makhleb accepts your kill.
You feel better.
You feel extremely nervous for a moment...
You are engulfed in negative energy!
You feel dopey.
The tyrant appears out of thin air!
A tyrant comes into view.
The eight-headed meat hydra calls on the powers of darkness!
The eight-headed meat hydra convulses!
The bag of meat convulses!
Your body is wracked with pain!
* * * LOW HITPOINT WARNING * * *
The destroyer gestures at you while chanting.
The destroyer blinks!
You feel your intelligence returning. Something hits you.
* * * LOW HITPOINT WARNING * * *
Deactivating autopickup; reactivate with Ctrl-A.
The meat berserker is engulfed in blazing flames.
The meat berserker hits you with a +9 battleaxe!!!!
You die...

#################
##.....§°.@......#
......V§§O).......
.....W##)##.#####.
.......Vo.........
##....)##M##o.....
.....§.....o.D......
..........#.#.......
....O.............##
#.V.L.....O.........


You could see an eight-headed meat hydra, 2 destroyers, a dread, 2 meat
berserkers and 2 bags of meat.

Vanquished Creatures
  6 hell beasts (D)
  6 royal mummies (D)
  A wraith (D)
  14 vampire knights (D)
  28 ogres (D)
  9 two-headed ogres (D)
  6 liches (D)
  88 orcs (D)
  7 skeletal warriors (D)
165 creatures vanquished.

Notes
Turn   | Place    | Note
-------+----------+-------------------------------------------
     0 | D        | Found the +∞ Axe of Woe
     0 | D        | Griffin23 the Djinni Warper began the quest for the Orb.
     0 | D        | Griffin23 set off with the following spells memorised:
                  | Blink, Lesser Beckoning, Teleport Other, Maxwell's Portable
                  | Piledriver, Vhi's Electric Charge.
     0 | D        | Reached XP level 1. HP: 18/18 MP: 0/0
     0 | D        | Noticed a meat berserker
     2 | D        | Noticed a meat berserker
     2 | D        | Noticed a bag of meat
     4 | D        | Became a worshipper of Makhleb the Destroyer
     4 | D        | Noticed a bag of meat
     5 | D        | Killed a meat berserker
     5 | D        | Killed a meat berserker
     5 | D        | Reached * piety under Makhleb
     6 | D        | Reached skill level 5 in Throwing
     6 | D        | Reached XP level 2. HP: 48/48 MP: 0/0
     6 | D        | Reached XP level 3. HP: 54/54 MP: 0/0
     6 | D        | Learned a level 1 spell: Slow
     6 | D        | Reached XP level 4. HP: 60/60 MP: 0/0
     6 | D        | Reached XP level 5. HP: 66/66 MP: 0/0
     6 | D        | Learned a level 2 spell: Call Imp
     6 | D        | Reached XP level 6. HP: 73/73 MP: 0/0
     6 | D        | Reached XP level 7. HP: 78/78 MP: 0/0
     6 | D        | Learned a level 3 spell: Ozocubu's Armour
     6 | D        | Reached XP level 8. HP: 85/85 MP: 0/0
     6 | D        | Reached XP level 9. HP: 91/91 MP: 0/0
     6 | D        | Learned a level 4 spell: Flame Wave
     6 | D        | Reached XP level 10. HP: 97/97 MP: 0/0
     6 | D        | Reached XP level 11. HP: 103/103 MP: 0/0
     6 | D        | Learned a level 4 spell: Cause Fear
     6 | D        | Reached XP level 12. HP: 110/110 MP: 0/0
     6 | D        | Reached XP level 13. HP: 115/115 MP: 0/0
     6 | D        | Learned a level 5 spell: Curse of Agony
     6 | D        | Noticed a bag of meat
     7 | D        | Noticed a bag of meat
     7 | D        | Noticed a meat berserker
     7 | D        | Noticed a bag of meat
     7 | D        | Noticed a meat berserker
     8 | D        | Noticed a meat berserker
     9 | D        | Noticed a large bag of meat
     9 | D        | Noticed a bag of meat
     9 | D        | Noticed a bag of meat
     9 | D        | Noticed a bag of meat
     9 | D        | Noticed a bag of meat
     9 | D        | Noticed a bag of meat
     9 | D        | Noticed a bag of meat
     9 | D        | Noticed a bag of meat
     9 | D        | Noticed a bag of meat
    10 | D        | Noticed a bag of meat
    10 | D        | Noticed a bag of meat
    10 | D        | Noticed a bag of meat
    10 | D        | Noticed a bag of meat
    10 | D        | Noticed a bag of meat
    10 | D        | Noticed a bag of meat
    11 | D        | Killed a bag of meat
    11 | D        | Killed a meat berserker
    11 | D        | Noticed a bag of meat
    12 | D        | Reached XP level 14. HP: 128/128 MP: 0/0
    12 | D        | Killed a bag of meat
    12 | D        | Reached ** piety under Makhleb
    12 | D        | Killed a meat berserker
    12 | D        | Noticed a bag of meat
    13 | D        | Reached XP level 15. HP: 138/138 MP: 0/0
    13 | D        | Learned a level 6 spell: Death Channel
    14 | D        | Reached *** piety under Makhleb
    15 | D        | Reached skill level 27 in Dodging
    15 | D        | Reached XP level 16. HP: 151/151 MP: 0/0
    15 | D        | Reached **** piety under Makhleb
    15 | D        | Noticed a meat berserker
    15 | D        | Noticed a meat berserker
    16 | D        | Reached skill level 27 in Fighting
    16 | D        | Reached skill level 10 in Armour
    16 | D        | Reached XP level 17. HP: 160/160 MP: 0/0
    16 | D        | Learned a level 7 spell: Haunt
    16 | D        | Killed a meat berserker
    17 | D        | Reached skill level 27 in Axes
    17 | D        | Reached ***** piety under Makhleb
    17 | D        | Noticed a meat berserker
    18 | D        | Reached XP level 18. HP: 167/167 MP: 0/0
    20 | D        | Killed a large bag of meat
    20 | D        | Reached ****** piety under Makhleb
    20 | D        | Killed a meat berserker
    20 | D        | Noticed a large bag of meat
    21 | D        | Reached XP level 19. HP: 163/174 MP: 0/0
    21 | D        | Learned a level 6 spell: Summon Cactus Giant
    21 | D        | Killed a meat berserker
    21 | D        | Noticed a meat berserker
    21 | D        | Noticed a destroyer
    22 | D        | Reached XP level 20. HP: 177/181 MP: 0/0
    22 | D        | Killed a meat berserker
    23 | D        | Reached skill level 27 in Armour
    23 | D        | Noticed a meat berserker
    25 | D        | Reached skill level 15 in Stealth
    25 | D        | Reached XP level 21. HP: 182/187 MP: 0/0
    25 | D        | Learned a level 7 spell: Enfeeble
    27 | D        | Killed a destroyer
    27 | D        | Noticed a large bag of meat
    28 | D        | Reached XP level 22. HP: 187/194 MP: 0/0
    29 | D        | Reached skill level 27 in Throwing
    29 | D        | Killed a meat berserker
    29 | D        | Killed a meat berserker
    30 | D        | Reached skill level 27 in Spellcasting
    30 | D        | Reached skill level 27 in Conjurations
    30 | D        | Reached skill level 27 in Hexes
    30 | D        | Reached skill level 27 in Summonings
    30 | D        | Reached skill level 27 in Necromancy
    30 | D        | Reached skill level 27 in Translocations
    30 | D        | Reached skill level 27 in Fire Magic
    30 | D        | Reached skill level 27 in Ice Magic
    30 | D        | Reached skill level 27 in Air Magic
    30 | D        | Reached skill level 27 in Earth Magic
    30 | D        | Reached skill level 27 in Alchemy
    30 | D        | Noticed a meat berserker
    31 | D        | Killed a large bag of meat
    31 | D        | Noticed a meat berserker
    31 | D        | Noticed a meat berserker
    32 | D        | Reached skill level 27 in Stealth
    32 | D        | Reached skill level 27 in Invocations
    32 | D        | Reached XP level 23. HP: 187/201 MP: 0/0
    32 | D        | Learned a level 7 spell: Manifold Assault
    32 | D        | Noticed a destroyer
    34 | D        | Reached XP level 24. HP: 202/208 MP: 0/0
    34 | D        | Noticed a destroyer
    35 | D        | Killed a large bag of meat
    35 | D        | Noticed a large bag of meat
    36 | D        | Noticed a destroyer
    38 | D        | Reached skill level 27 in Unarmed Combat
    38 | D        | Reached XP level 25. HP: 208/214 MP: 0/0
    38 | D        | Learned a level 8 spell: Maxwell's Capacitive Coupling
    38 | D        | Killed a destroyer
    38 | D        | Killed a destroyer
    38 | D        | Noticed a destroyer
    39 | D        | Reached skill level 27 in Maces & Flails
    39 | D        | Reached skill level 27 in Polearms
    39 | D        | Reached skill level 5 in Ranged Weapons
    39 | D        | Reached skill level 5 in Shapeshifting
    39 | D        | Killed a destroyer
    39 | D        | Noticed a destroyer
    40 | D        | Reached skill level 10 in Ranged Weapons
    40 | D        | Reached skill level 10 in Shapeshifting
    40 | D        | Reached XP level 26. HP: 215/221 MP: 0/0
    40 | D        | Killed a destroyer
    40 | D        | Noticed a large bag of meat
    41 | D        | Noticed a destroyer
    41 | D        | Noticed a destroyer
    41 | D        | Noticed a destroyer
    41 | D        | Noticed a large bag of meat
    41 | D        | Noticed a destroyer
    42 | D        | Killed a destroyer
    42 | D        | Noticed a destroyer
    43 | D        | Reached XP level 27. HP: 228/228 MP: 0/0
    43 | D        | Learned a level 9 spell: Dragon's Call
    44 | D        | Noticed an accursed
    44 | D        | Killed a large bag of meat
    44 | D        | Noticed a destroyer
    44 | D        | Noticed a large bag of meat
    46 | D        | Killed a destroyer
    46 | D        | Noticed a large bag of meat
    47 | D        | Noticed an accursed
    47 | D        | Noticed an accursed
    47 | D        | Killed a destroyer
    48 | D        | Killed a destroyer
    48 | D        | Noticed a large bag of meat
    49 | D        | Killed a destroyer
    50 | D        | Killed a large bag of meat
    50 | D        | Killed a destroyer
    51 | D        | Reached skill level 27 in Shields
    51 | D        | Reached skill level 27 in Evocations
    51 | D        | Killed a destroyer
    51 | D        | Noticed an accursed
    52 | D        | Noticed a tyrant
    52 | D        | Noticed a tyrant
    52 | D        | Noticed a destroyer
    53 | D        | Killed a destroyer
    53 | D        | Noticed a tyrant
    54 | D        | Reached skill level 27 in Short Blades
    54 | D        | Reached skill level 27 in Long Blades
    54 | D        | Reached skill level 27 in Staves
    54 | D        | Reached skill level 27 in Ranged Weapons
    54 | D        | Reached skill level 27 in Shapeshifting
    54 | D        | Killed a large bag of meat
    55 | D        | Killed a large bag of meat
    56 | D        | Killed an accursed
    56 | D        | Killed a large bag of meat
    56 | D        | Killed a tyrant
    56 | D        | Noticed a tyrant
    56 | D        | Noticed an accursed
    57 | D        | Killed an accursed
    57 | D        | Killed an accursed
    59 | D        | Noticed a dread
    60 | D        | Noticed a tyrant
    62 | D        | Killed an accursed
    65 | D        | Killed a tyrant
    66 | D        | Noticed a meat beast
    67 | D        | Killed a tyrant
    70 | D        | Killed a meat beast
    71 | D        | Noticed a tyrant
    71 | D        | Noticed a meat beast
    75 | D        | Noticed a dread
    76 | D        | Killed a meat beast
    76 | D        | Noticed a tyrant
    78 | D        | Killed a tyrant
    81 | D        | Noticed a meat beast
    81 | D        | Killed an accursed
    81 | D        | Noticed a meat beast
    82 | D        | Noticed a destroyer
    84 | D        | Killed a destroyer
    85 | D        | Noticed a meat beast
    86 | D        | Killed a meat beast
    86 | D        | Noticed a meat beast
    87 | D        | Killed a dread
    87 | D        | Noticed a large bag of meat
    89 | D        | Killed a meat beast
    90 | D        | Killed a tyrant
    90 | D        | Noticed a destroyer
    92 | D        | Killed a meat beast
    92 | D        | Killed a tyrant
    93 | D        | Killed a meat beast
    94 | D        | Noticed a destroyer
    94 | D        | Noticed a dread
    96 | D        | Killed a large bag of meat
    97 | D        | Noticed an accursed
    97 | D        | Killed an accursed
    98 | D        | Noticed a tyrant
    98 | D        | Annihilated by a meat berserker

Illustrated notes

Levels and vault maps discovered:
D:        meatsprint

Skill      XL: |  1  2  3  4  5  6  7  8  9 10 11 12 13 14 15 16 17 18 19 20 21 22 23 24 25 26 27 |
---------------+----------------------------------------------------------------------------------+-----
Fighting       | 18 21 23 25 27 | 27.0
Axes           | 17 20 21 23 26 27 | 27.0
Throwing       | 5 6 7 8 14 20 21 24 26 27 | 27.0
Armour         | 6 7 8 9 10 16 24 25 27 | 27.0
Dodging        | 20 23 24 27 | 27.0
Spellcasting   | 9 17 19 22 24 27 | 27.0
Conjurations   | 9 17 19 22 24 27 | 27.0
Hexes          | 9 17 19 22 24 27 | 27.0
Summonings     | 9 17 19 22 24 27 | 27.0
Necromancy     | 9 17 19 22 24 27 | 27.0
Translocations | 9 17 19 22 24 27 | 27.0
Fire Magic     | 9 17 19 22 24 27 | 27.0
Ice Magic      | 9 17 19 22 24 27 | 27.0
Air Magic      | 9 17 19 22 24 27 | 27.0
Earth Magic    | 9 17 19 22 24 27 | 27.0
Alchemy        | 9 17 19 22 24 27 | 27.0
Stealth        | 8 15 19 27 | 27.0
Invocations    | 9 17 21 27 | 27.0
Maces & Flails | 9 17 24 27 | 27.0
Polearms       | 9 17 24 27 | 27.0
Unarmed Combat | 11 20 27 | 27.0
Short Blades   | 11 17 27 | 27.0
Long Blades    | 11 17 27 | 27.0
Staves         | 11 17 27 | 27.0
Ranged Weapons | 10 16 27 | 27.0
Shields        | 12 18 27 | 27.0
Evocations     | 12 18 27 | 27.0
Shapeshifting  | 10 16 27 | 27.0

Action                     |  1- 3 |  4- 6 |  7- 9 | 10-12 | 13-15 | 16-18 | 19-21 | 22-24 | 25-27 || total
---------------------------+-------+-------+-------+-------+-------+-------+-------+-------+-------++-------
  Melee: Executioner's axe |     1 |       |       |       |     4 |     6 |     6 |     9 |    46 ||    72
   Cast: Summon Cactus Gia |       |       |       |       |       |       |     1 |       |     2 ||     3
    Use: Scroll            |       |       |       |       |       |       |       |       |     1 ||     1
 Armour: Leather armour    |       |       |       |       |     1 |     2 |     7 |    11 |    36 ||    57
  Dodge: Dodged            |       |       |       |       |       |       |       |       |     4 ||     4

Table legend: (Time is in decaauts)
 A = Elapsed time spent in this place.
 B = Non-inter-level travel time spent in this place.
 C = Inter-level travel time spent in this place.
 D = Time resting spent in this place.
 E = Time spent auto-exploring this place.
 F = Levels seen in this place.
 G = Mean time per level.
                   A        B        C        D        E       F      G
               +--------+--------+--------+--------+--------+-----+--------+
         Total |     78 |     78 |      0 |      0 |      0 |   1 |   78.0 |
       Dungeon |     78 |     78 |      0 |      0 |      0 |   1 |   78.0 |
               +--------+--------+--------+--------+--------+-----+--------+

Top non-repeatable levels by time:
       D: 78 daAuts
